 Dungeon Crawl Stone Soup version 0.31-a0-4-gefa6de2278 (webtiles) character file.

Game seed: 11635500024551071249

11486 themarg the Zephyrmancer (level 11, -16/62 (64) HPs)
             Began as a Tengu Air Elementalist on May 4, 2023.
             Was a Believer of Hepliaklqana.
             Killed from afar by Josephine (20 damage)
             ... with a ghostly fireball
             ... on level 9 of the Dungeon.
             The game lasted 00:38:18 (14807 turns).

themarg the Zephyrmancer (Tengu Air Elementalist)  Turns: 14807, Time: 00:38:18

HP:   -16/62 (64)   AC:  3    Str:  8    XL:     11   Next: 78%
MP:   22/22         EV: 15    Int: 20    God:    Hepliaklqana [**....]
Gold: 348           SH:  5    Dex: 15    Spells: 14/24 levels left

rFire   . . .        B - +2 spear (venom)
rCold   . . .        (no shield)
rNeg    . . .        a - +0 robe
rPois   +            (helmet restricted)
rElec   .            (no cloak)
rCorr   .            h - +0 pair of gloves
SInv    .            (boots unavailable)
Will    .....        l - amulet of reflection
Stlth   ++           d - ring of poison resistance
HPRegen 0.30/turn    f - ring of wizardry
MPRegen 0.18/turn

%: reflection, wizardry (x1)
@: flying quickly and evasively, slowed, lightly drained, very slow
A: reduced essence, beak, talons 3, nimble flight
a: Renounce Religion, Recall Ancestor, Ancestor Identity


You were on level 9 of the Dungeon.
You worshipped Hepliaklqana.
Hepliaklqana was pleased with you.
You visited 1 branch of the dungeon, and saw 10 of its levels.
You also visited: Bailey.

You collected 555 gold pieces.
You spent 207 gold pieces at shops.

Inventory:

Hand Weapons
 B - a +2 spear of venom (weapon)
 D - a +1 dagger of protection
Missiles
 g - 3 javelins
 m - 89 stones
 u - 14 poisoned darts (quivered)
 J - 30 boomerangs
 S - 2 throwing nets
Armour
 a - a +0 robe (worn)
 h - a +0 pair of gloves (worn)
 Q - a +0 kite shield
Jewellery
 d - a ring of poison resistance (left hand)
 f - a ring of wizardry (right hand)
 l - an amulet of reflection (around neck)
 r - a +4 ring of protection
 N - a ring of positive energy
Wands
 x - a wand of mindburst (22)
 C - a wand of paralysis (2)
 U - a wand of flame (38)
Scrolls
 c - 2 scrolls of torment {unknown}
 e - 2 scrolls of magic mapping
 i - 2 scrolls of acquirement {unknown}
 n - 3 scrolls of vulnerability {unknown}
 o - 3 scrolls of poison
 s - 4 scrolls of fear {unknown}
 w - 2 scrolls of fog {unknown}
 y - 9 scrolls of teleportation
 A - 2 scrolls of immolation {unknown}
 E - a scroll of butterflies {unknown}
 I - 2 scrolls of silence {unknown}
 K - a scroll of blinking {unknown}
 M - a scroll of enchant armour {unknown}
 R - 2 scrolls of identify
 T - a scroll of brand weapon {unknown}
Potions
 b - a potion of magic
 j - 2 potions of lignification
 k - 8 potions of curing
 p - 3 potions of degeneration
 q - 3 potions of heal wounds
 t - a potion of ambrosia {unknown}
 v - 3 potions of might
 z - a potion of invisibility {unknown}
 F - a potion of brilliance {unknown}
 G - a potion of attraction {unknown}
 H - 2 potions of haste {unknown}
 O - a potion of mutation {unknown}
 P - 2 potions of cancellation {unknown}
 V - 2 potions of flight
Miscellaneous
 Z - a lightning rod (4/4)


   Skills:
 - Level 10.0 Fighting
 - Level 3.0 Dodging
 - Level 3.0 Stealth
 - Level 7.0 Spellcasting
 - Level 5.0 Conjurations
 + Level 1.9 Transmutations
 + Level 2.6 Fire Magic
 - Level 14.2 Air Magic
 + Level 2.3 Poison Magic
 - Level 5.0 Invocations


You had 14 spell levels left.
You knew the following spells:

 Your Spells              Type           Power      Damage    Failure   Level
a - Shock                 Conj/Air       100%       1d9       1%          1
b - Static Discharge      Conj/Air       90%        2-6/arc   1%          2
c - Airstrike             Air            29%        2d(5-21)  1%          4
d - Ignite Poison         Fire/Tmut/Pois 16%        N/A       4%          3

Your spell library contained the following spells:

 Spells                   Type           Power      Damage    Failure   Level
 Swiftness                Air            59%        N/A       1%          3
 Necrotise                Necr           28%        1d5       4%          1
 Summon Small Mammal      Summ           28%        N/A       4%          1
 Spider Form              Tmut/Pois      15%        N/A       4%          3
 Ensorcelled Hibernation  Hex/Ice        14%        N/A       6%          2
 Sticky Flame             Conj/Fire      22%        2d4       9%          4
 Call Canine Familiar     Summ           7%         N/A       12%         3
 Frozen Ramparts          Ice            14%        1d3       12%         3
 Summon Guardian Golem    Hex/Summ       7%         N/A       12%         3
 Vampiric Draining        Necr           7%         2d6       12%         3
 Ice Form                 Ice/Tmut       10%        N/A       26%         4
 Anguish                  Hex/Necr       3%         N/A       34%         4
 Summon Ice Beast         Ice/Summ       7%         N/A       34%         4
 Agony                    Necr           7%         N/A       67%         5
 Ignition                 Fire           8%         3d5       100%        8


Dungeon Overview and Level Annotations

Branches:
Dungeon (10/15)            Temple (0/1) D:4            Lair (0/5) D:9
 Bailey (visited)
    Orc: D:9-12

Altars:
Cheibriados
Dithmenos
Gozag
Hepliaklqana
Kikubaaqudgha
Makhleb
Okawaru
Qazlal
Trog
Uskayaw
Wu Jian
Yredelemnul

Shops:
D:5 *   D:9 [

Annotations:
D:4 2 runed translucent doors, Pimp's ghost, novice MfGl
D:9 Josephine
D:10 Lodul


Innate Abilities, Weirdness & Mutations

Your life essence is reduced to manifest your ancestor. (-10% HP)
You have a beak for a mouth.
You have claws for feet.
Your magical nature lets you fly swiftly and evasively.


Message History

Ancestor HP restored.
You start resting.
Magic restored.
You see here a +0 flail.
You see here a +0 sling.
There is a stone staircase leading down, spattered with blood here.
You start waiting.
Done waiting.
You fly downwards.
Level annotation: Josephine; Lodul The wraith hits you!
The wraith drains your vigour!
You feel yourself slow down. Josephine closely misses you.
The gnoll hits Gong but does no damage.
The wraith hits Gong but does no damage.
Gong blocks the wraith's attack.
Gong blocks the gnoll's attack.
The wraith hits you. Josephine hits you with a +0 dagger.
There is a stone staircase leading up here.
The wraith hits you! The wraith closely misses you.
Josephine hits you with a +0 dagger! The gnoll closely misses you.
The wraith hits Gong but does no damage.
Gong hits the gnoll with a +0 flail!
The gnoll dies!
You fly upwards.
There is a stone staircase leading down, spattered with blood here.
The wraith attacks as you move away! The wraith hits you but does no damage.
The wraith attacks as you move away! The wraith barely misses you.
Josephine attacks as you move away! Josephine hits you with a +0 dagger!
* * * LOW HITPOINT WARNING * * *
Gong hits the wraith but does no damage.
The wraith hits you but does no damage. The wraith hits you!
* * * LOW HITPOINT WARNING * * *
The wraith drains your vigour!
You feel as though you will be slow longer.
Josephine hits you with a +0 dagger.
* * * LOW HITPOINT WARNING * * *
Okay, then.
Josephine gestures at you while chanting.
The ghostly flame explodes!
The ghostly fireball engulfs you!!
You feel drained.
You die...

#......................###....###
........................#.....#.#
.....####.......................#
.......##.......###..............
........#.......# #.........†..[.
.........#.#....###..............
..>........#.....................
......P..###.....................
....(P..#......W@............#...
.......##......W....###...[.###..
÷....####.....>@....# #....## ##)
......).......=R[...###)....###..
.............................###.
############................##...
~~~~≈≈~~~###.............)..#.8..
...†.......#....###.......>.#....
~≈~~~≈~~~#......# #............._


You could see the friendly Gong the knight, Josephine and 2 wraiths.

Vanquished Creatures
  2 centaur warriors (D:8)
  Erica (D:9)
  3 two-headed ogres
  An orc knight (Bailey)
  An elephant (D:9)
  A wraith (D:9)
  A yak (shapeshifter) (D:8)
  13 yaks
  A steam dragon (D:8)
  4 black bears
  7 orc warriors
  An ice beast (D:7)
  A sky beast (D:6)
  4 ogres
  2 phantoms (D:6)
  Blork the orc (D:4)
  4 bullfrogs
  A gnoll sergeant (D:7)
  4 scorpions
  3 killer bees (D:5)
  A howler monkey (D:5)
  2 hounds
  2 jellies
  4 orc priests
  2 gnoll boudas
  3 iguanas
  7 orc wizards
  13 gnolls
  9 adders
  A white imp (D:4)
  3 worms
  2 dart slugs
  26 orcs
  5 ball pythons
  4 endoplasms
  2 giant cockroaches
  14 goblins
  6 hobgoblins
  A quokka (D:2)
  5 bats
  2 frilled lizards (D:2)
  14 kobolds
  5 rats
  A spectral orc (D:6)
190 creatures vanquished.

Vanquished Creatures (collateral kills)
  A yaktaur (shapeshifter) (D:8)
  5 yaks
  A steam dragon (D:6)
  A basilisk (D:9)
  A sky beast (D:7)
  An orc warrior (Bailey)
  An orc priest (D:9)
  An orc wizard (D:9)
  2 gnolls
  4 orcs
18 creatures vanquished.

Vanquished Creatures (others)
  4 knights
  15 plants (D:7)
19 creatures vanquished.

Grand Total: 227 creatures vanquished

Notes
Turn   | Place    | Note
-------+----------+-------------------------------------------
     0 | D:1      | themarg the Tengu Air Elementalist began the quest for the
                  | Orb.
     0 | D:1      | Reached XP level 1. HP: 10/10 MP: 4/4
   523 | D:1      | Reached XP level 2. HP: 15/15 MP: 0/6
   883 | D:2      | Reached XP level 3. HP: 19/19 MP: 4/7
  1048 | D:2      | Learned a level 2 spell: Static Discharge
  1190 | D:2      | Found a snail-covered altar of Cheibriados.
  1777 | D:3      | Reached skill level 5 in Air Magic
  1777 | D:3      | Reached XP level 4. HP: 20/24 MP: 2/8
  2374 | D:3      | Reached skill level 6 in Air Magic
  2446 | D:2      | Learned a level 4 spell: Airstrike
  2451 | D:3      | Gained mutation: Your magical nature lets you fly swiftly
                  | and evasively. [Tengu growth]
  2451 | D:3      | Reached XP level 5. HP: 25/28 MP: 4/9
  2577 | D:3      | Found a hazy altar of Hepliaklqana.
  2584 | D:3      | Became a worshipper of Hepliaklqana the Forgotten
  2788 | D:4      | Reached skill level 7 in Air Magic
  2980 | D:4      | Noticed Blork the orc
  3059 | D:4      | Reached XP level 6. HP: 32/32 MP: 1/10
  3203 | D:4      | Reached skill level 8 in Air Magic
  3346 | D:4      | Found a staircase to the Ecumenical Temple.
  3732 | D:4      | Reached skill level 1 in Fighting
  3784 | D:4      | Found a runed translucent door.
  3861 | D:4      | Found a runed translucent door.
  3863 | D:4      | Noticed Pimp's ghost (novice MfGl)
  4083 | D:4      | Killed Blork the orc
  4184 | D:4      | Found a burning altar of Makhleb.
  4185 | D:4      | Found a hide-covered altar of Uskayaw.
  4209 | D:4      | Noticed a black bear
  4211 | D:4      | Killed a black bear
  4212 | D:4      | Reached XP level 7. HP: 40/40 MP: 2/11
  4315 | D:4      | Reached skill level 9 in Air Magic
  4494 | D:5      | Entered Level 5 of the Dungeon
  4635 | D:5      | Reached skill level 10 in Air Magic
  4906 | D:5      | Found an ornate altar of the Wu Jian Council.
  4995 | D:5      | Found Hushru Giarug's Assorted Antiques.
  5026 | D:5      | Reached XP level 8. HP: 45/45 MP: 1/14
  5338 | D:5      | Found a bloodstained altar of Trog.
  5623 | D:5      | Bought a potion of curing for 72 gold pieces
  5623 | D:5      | Bought a green potion for 21 gold pieces
  5623 | D:5      | Bought a sedimented coppery potion for 21 gold pieces
  5623 | D:5      | Bought a scroll labelled UPYUFO OGEO for 24 gold pieces
  5623 | D:5      | Bought a scroll labelled RAFIHO HIEGUSH for 24 gold pieces
  5623 | D:5      | Bought a puce potion for 21 gold pieces
  5623 | D:5      | Bought a scroll labelled NUXILA FOC WAD for 24 gold pieces
  5932 | D:6      | Reached * piety under Hepliaklqana
  6176 | D:6      | Reached skill level 5 in Spellcasting
  6309 | D:6      | Reached skill level 5 in Fighting
  6505 | D:6      | Reached skill level 1 in Invocations
  6744 | D:6      | Found a basalt altar of Yredelemnul.
  7016 | D:7      | Reached XP level 9. HP: 48/48 MP: 3/17
  7850 | D:7      | Reached ** piety under Hepliaklqana
  7851 | D:7      | Remembered your ancestor Gong as a knight
  7941 | D:7      | Found an ancient bone altar of Kikubaaqudgha.
  8207 | D:8      | Noticed a guardian serpent
  8208 | D:8      | a guardian serpent changed into a yaktaur
  8208 | D:8      | Noticed a yaktaur (shapeshifter)
  8209 | D:8      | Killed a yaktaur
  8210 | D:8      | Reached skill level 5 in Invocations
  8355 | D:8      | Noticed a centaur warrior
  8355 | D:8      | Noticed a komodo dragon
  8363 | D:8      | Killed a centaur warrior
  8370 | D:8      | Noticed a wind drake
  8371 | D:8      | a wind drake changed into a golden eye
  8593 | D:8      | Noticed a centaur warrior
  8855 | D:8      | Reached XP level 10. HP: 58/58 MP: 1/18
  9009 | D:8      | Killed a centaur warrior
  9125 | D:8      | Noticed a two-headed ogre
  9130 | D:8      | Killed a two-headed ogre
  9464 | D:8      | Found a stormy altar of Qazlal.
  9663 | D:8      | Reached skill level 11 in Air Magic
 10140 | D:8      | Found a shadowy altar of Dithmenos.
 10163 | D:8      | Found an iron altar of Okawaru.
 10377 | D:9      | Found a flagged portal.
 10380 | D:9      | Noticed a two-headed ogre
 10509 | Bailey   | Entered a bailey
 10577 | Bailey   | Noticed an orc knight
 11243 | Bailey   | Killed an orc knight
 11244 | Bailey   | Reached skill level 10 in Fighting
 11244 | Bailey   | Reached XP level 11. HP: 64/64 MP: 2/22
 11637 | Bailey   | Found the +3 pair of mountain boots {steadfast, rC+}
 11969 | D:9      | Found an opulent altar of Gozag.
 11997 | D:9      | Reached skill level 12 in Air Magic
 12157 | D:9      | Noticed Erica
 12185 | D:9      | Killed Erica
 12396 | D:9      | Found a staircase to the Lair.
 12555 | D:9      | Reached skill level 5 in Conjurations
 12669 | D:9      | Found Tristan's Dragon-Slaying Spoils.
 12851 | D:9      | Killed a two-headed ogre
 12852 | D:9      | Reached skill level 13 in Air Magic
 13593 | D:9      | Reached skill level 14 in Air Magic
 14030 | D:10     | Entered Level 10 of the Dungeon
 14030 | D:10     | Noticed Josephine
 14314 | D:9      | Learned a level 3 spell: Ignite Poison
 14357 | D:9      | Reached skill level 1 in Fire Magic
 14357 | D:9      | Reached skill level 1 in Poison Magic
 14361 | D:9      | Reached skill level 1 in Transmutations
 14472 | D:10     | Noticed a two-headed ogre
 14485 | D:10     | Killed a two-headed ogre
 14571 | D:10     | Noticed Lodul
 14806 | D:9      | HP: 3/64 [Josephine/+0 dagger (2)]
 14807 | D:9      | Killed from afar by Josephine

Illustrated notes

Levels and vault maps discovered:
D:1:      dpeg_arrival_central, layout_basic
D:2:      layout_rooms, basic_altar
D:3:      layout_loops_ring, mainiacjoe_overflow_chevrons
D:4:      layout_rooms, gammafunk_temple_overflow_wave,
          minmay_temple_entry_tees, ebering_ghost_sewer_f, serial_corexii_hall,
          corexii_hall_statues_l, corexii_hall_statues_x, uniq_blork_the_orc
D:5:      layout_loops_cross, amcnicky_altar_gilded,
          mainiacjoe_overflow_brackets, serial_shops, shop
D:6:      layout_loops_cross, yredelemnul_forgotten_temple_becter, hex_medium
D:7:      layout_loops_ring, nicolae_kikubaaqudgha_miasma_corner,
          nicolae_grassy_gnolls
D:8:      minmay_bloctagon_deflated, layout_cave_pools,
          nicolae_overflow_crystal_walls, mainiacjoe_overflow_alcove_1,
          mainiacjoe_overflow_alcove_4
D:9:      layout_big_octagon, grunt_gozag_statues, david_lair_generic,
          enter_bailey_5, nicolae_shop_dragon_depot, minmay_variable_closet,
          amcnicky_mini_rare_corridor_liquid, uniq_erica
D:10:     lemuel_ogre_cave, layout_basic, orc_0_dummy,
          hangedman_abyss_or_decor_clamps, uniq_grum, uniq_maurice,
          uniq_josephine, uniq_lodul

Skill      XL: |  1  2  3  4  5  6  7  8  9 10 11 |
---------------+----------------------------------+-----
Conjurations   | 2 3 5 |  5.0
Stealth        | 3 |  3.0
Air Magic      | 5 6 7 8 10 11 14 | 14.2
Fighting       | 2 5 8 10 | 10.0
Spellcasting   | 3 5 6 7 |  7.0
Dodging        | 3 |  3.0
Invocations    | 2 5 |  5.0
Fire Magic     | 2 |  2.6
Poison Magic   | 2 |  2.3
Transmutations | 1 |  1.9

Action                     |  1- 3 |  4- 6 |  7- 9 | 10-12 || total
---------------------------+-------+-------+-------+-------++-------
  Melee: Kick              |     1 |       |     3 |    13 ||    17
         Spear             |     1 |       |       |    24 ||    25
         Dagger            |       |       |    14 |    14 ||    28
         Peck              |       |       |     2 |    12 ||    14
         Punch             |       |       |       |     1 ||     1
  Throw: Dart              |       |       |       |     5 ||     5
   Cast: Shock             |    62 |    36 |    17 |    22 ||   137
         Static Discharge  |     3 |    14 |    16 |    13 ||    46
         Airstrike         |       |    24 |    67 |   137 ||   228
 Invoke: Recall Ancestor   |       |       |     7 |    15 ||    22
         Ancestor Identity |       |       |     1 |       ||     1
         Ancestor Life: Kn |       |       |     1 |       ||     1
  Evoke: Wand              |       |       |       |     1 ||     1
    Use: Scroll            |       |     4 |     4 |     2 ||    10
   Stab: Distracted        |       |       |     1 |       ||     1
 Armour: Robe              |     3 |     5 |     4 |     7 ||    19
  Dodge: Dodged            |     1 |     6 |     9 |    49 ||    65
  Block: Other             |     1 |     2 |     6 |    13 ||    22
         Reflection        |       |       |     1 |     4 ||     5

Table legend: (Time is in decaauts)
 A = Elapsed time spent in this place.
 B = Non-inter-level travel time spent in this place.
 C = Inter-level travel time spent in this place.
 D = Time resting spent in this place.
 E = Time spent auto-exploring this place.
 F = Levels seen in this place.
 G = Mean time per level.
                   A        B        C        D        E       F      G
               +--------+--------+--------+--------+--------+-----+--------+
         Total |  14386 |  13933 |    453 |   4642 |   7413 |  11 | 1307.8 |
       Dungeon |  13142 |  12689 |    453 |   3699 |   7405 |  10 | 1314.2 |
        Bailey |   1243 |   1243 |      0 |    942 |      8 |   1 | 1243.0 |
               +--------+--------+--------+--------+--------+-----+--------+

Top non-repeatable levels by time:
     D:9: 2372 daAuts
     D:7: 2145 daAuts
     D:8: 1715 daAuts
     D:4: 1317 daAuts
     D:3: 1301 daAuts
  Bailey: 1243 daAuts
     D:6: 1188 daAuts
     D:5: 1113 daAuts
     D:2: 1037 daAuts
     D:1: 824 daAuts
    D:10: 127 daAuts
